 Dungeon Crawl Stone Soup version 0.31-a0-150-g89dc3ad700 (webtiles) character file.

Game seed: 3309945409846671601

6003 qw the Skirmisher (level 10, -10/65 HPs)
             Began as a Gargoyle Hunter on June 8, 2023.
             Was an Elder of Okawaru.
             Mangled by a vampire
             ... wielding a +0 whip
              (12 damage)
             ... on level 10 of the Dungeon.
             The game lasted 00:03:25 (7119 turns).

qw the Skirmisher (Gargoyle Hunter)                 Turns: 7119, Time: 00:03:26

Health: -10/65     AC: 17    Str: 15    XL:     10   Next: 85%
Magic:  13/13      EV: 12    Int:  8    God:    Okawaru [****..]
Gold:   301        SH:  0    Dex: 17    Spells: 9/9 levels left

rFire   + . .        Y - +4 shortbow (flame)
rCold   . . .        (shield currently unavailable)
rNeg    + . .        o - +2 ring mail {rF+}
rPois   inf          k - +0 helmet
rElec   +            j - +0 cloak {rPois}
rCorr   .            (no gloves)
SInv    .            (no boots)
Will    .....        g - amulet of faith
Stlth   +            (no ring)
HPRegen 0.30/turn    (no ring)
MPRegen 0.13/turn

%: faith
@: no status effects
A: sickness immunity, AC +7, negative energy resistance 1, electricity
resistance, torment resistance 1, petrification resistance, dopey 1
a: Renounce Religion, Heroism, Finesse


You were on level 10 of the Dungeon.
You worshipped Okawaru.
Okawaru was greatly pleased with you.
You visited 1 branch of the dungeon, and saw 10 of its levels.

You collected 449 gold pieces.
You spent 148 gold pieces at shops.


Innate Abilities, Weirdness & Mutations

You are immune to sickness and miasma.
Your stone body is resilient. (AC +7)
You are immune to poison.
You resist negative energy. (rN+)
You are resistant to electric shocks. (rElec)
You are resistant to unholy torment.
You are immune to petrification.
You are dopey. (Int -2)


   Skills:
 + Level 8.4 Fighting
 - Level 13.0 Ranged Weapons
 - Level 4.3 Armour
 - Level 3.0 Dodging
 - Level 1.1 Stealth
 + Level 4.5 Invocations


You had 9 spell levels left.
You didn't know any spells.
Your spell library was empty.

Inventory:

Hand Weapons
 Y - a +4 shortbow of flaming (weapon)
Armour
 j - a +0 cloak of poison resistance (worn)
 k - a +0 helmet (worn)
 o - a +2 ring mail of fire resistance (worn)
Jewellery
 g - an amulet of faith (around neck)
 h - an amulet of regeneration
Scrolls
 c - 4 scrolls of teleportation
 l - 3 scrolls of identify
Potions
 a - a potion of haste
 b - a potion of curing
 d - a potion of mutation
 f - a potion of cancellation

Dungeon Overview and Level Annotations

Branches:
Dungeon (10/15)            Temple (0/1) D:6
   Lair: D:8-11         Orc: D:9-12

Altars:
Cheibriados
Gozag
Kikubaaqudgha
Okawaru
Sif Muna
Trog
Uskayaw
Vehumet
Xom
The Shining One

Shops:
D:1 (=(=   D:4 :   D:5 *


Message History

You hear the creaking of a portcullis very nearby.
Something hits you. Something bites you but does no damage.
You shoot an arrow. Something hits you. Something bites you.
You shoot an arrow. Something hits you but does no damage.
Something bites you but does no damage.
You shoot an arrow. Something completely misses you.
Something bites you but does no damage.
You shoot an arrow. Something hits you but does no damage.
Something bites you but does no damage.
You shoot an arrow. You shoot an arrow. Something hits you.
Something bites you but does no damage.
You shoot an arrow. Something hits you but does no damage. Something bites you!
You shoot an arrow. Something hits you! Something bites you but does no damage.
You shoot an arrow.
You hear some strange, mumbled words.
You are confused.
You shoot an arrow.
You hear some strange, mumbled words.
Something tries to affect you, but you resist.
You shoot an arrow. You shoot an arrow. Something hits you but does no damage.
Something completely misses you.
You shoot an arrow. Something hits you but does no damage. Something bites you.
You shoot an arrow. Something hits you. Something bites you but does no damage.
You shoot an arrow.
You hear some strange, mumbled words.
Something tries to affect you, but you resist.
You shoot an arrow.
You feel less confused.
You shoot an arrow. Something barely misses you.
Something bites you but does no damage.
You shoot an arrow. Something hits you!
You die...

#.. ... #.. #.. ##..
######## ... #......#
####.########.####.#
#...{@.....##.####.#
....##.#####.......#.#
. #. ####.##.#.# ..
#.##.#.# ### #......#
####.### ####.#
..##....## .........#


There were no monsters in sight!

Vanquished Creatures
  A two-headed ogre (D:9)
  Pikel (D:8)
  An unseen horror (D:10)
  5 yaks (D:9)
  2 wyverns (D:8)
  A water moccasin (D:5)
  An ice beast (D:7)
  An orc warrior (D:9)
  3 sky beasts
  3 black bears
  2 centaurs
  A lemure (D:8)
  A kobold brigand (D:6)
  Blork the orc (D:6)
  A gnoll sergeant (D:8)
  9 scorpions
  10 bullfrogs
  5 wights (D:8)
  5 jellies
  A gnoll bouda (D:9)
  5 orc priests
  2 hounds
  2 sleepcaps
  3 iguanas
  8 orc wizards
  11 gnolls
  8 adders
  A white imp (D:5)
  3 worms
  2 dart slugs
  32 orcs
  4 bats
  8 endoplasms
  3 giant cockroaches
  10 hobgoblins
  2 jackals (D:4)
  4 quokkas
  6 ball pythons
  6 frilled lizards
  12 goblins
  12 kobolds
  7 rats
206 creatures vanquished.

Vanquished Creatures (others)
  An orc wizard (D:5)
1 creature vanquished.

Grand Total: 207 creatures vanquished

Notes
Turn   | Place    | Note
-------+----------+-------------------------------------------
     0 | D:1      | qw the Gargoyle Hunter began the quest for the Orb.
     0 | D:1      | Reached XP level 1. HP: 12/12 MP: 1/1
     0 | D:1      | 0 ||| qw: Version: 0.2-a-119-g7aa9181
     0 | D:1      | 0 ||| qw: Game counter: 2898
     0 | D:1      | 0 ||| qw: Always use a shield: true
     0 | D:1      | 0 ||| qw: God list: Okawaru
     0 | D:1      | 0 ||| qw: Allow faded altars: false
     0 | D:1      | 0 ||| qw: Do Orc after D:15 true
     0 | D:1      | 0 ||| qw: Do second Lair branch before Depths: true
     0 | D:1      | 0 ||| qw: Lair rune preference: random
     0 | D:1      | 0 ||| qw: Plans: Normal
     0 | D:1      | 0 ||| PLANNING D:1-11
    11 | D:1      | Found Ighighod's Jewellery Shoppe.
    27 | D:1      | 27 ||| SHOPLISTING +6 ring of dexterity (396 gold, have 0).
    27 | D:1      | 27 ||| SHOPLISTING +6 ring of strength (396 gold, have 0).
    27 | D:1      | 27 ||| SHOPLISTING amulet of reflection (330 gold, have 0).
    27 | D:1      | 27 ||| SHOPLISTING amulet of regeneration (330 gold, have
                  | 0).
    27 | D:1      | 27 ||| SHOPLISTING amulet of the acrobat (330 gold, have
                  | 0).
    27 | D:1      | 27 ||| SHOPLISTING ring "Vusharra" {Will+ Str+2 Dex+6} (580
                  | gold, have 0).
    27 | D:1      | 27 ||| SHOPLISTING ring of protection from cold (275 gold,
                  | have 0).
    93 | D:1      | Found Juantush's Jewellery Shop.
   101 | D:1      | Reached XP level 2. HP: 17/17 MP: 2/2
   109 | D:1      | 109 ||| SHOPLISTING amulet of regeneration (390 gold, have
                  | 0).
   109 | D:1      | 109 ||| SHOPLISTING ring "Oppeq" {rPois rC++ rN+ Str+2
                  | Int-4} (578 gold, have 0).
   109 | D:1      | 109 ||| SHOPLISTING ring of Jablanli {rElec rF++ rN+++ AC+4
                  | Int-2} (1095 gold, have 0).
   109 | D:1      | 109 ||| SHOPLISTING ring of ice (325 gold, have 0).
   109 | D:1      | 109 ||| SHOPLISTING ring of protection from cold (325 gold,
                  | have 0).
   109 | D:1      | 109 ||| SHOPLISTING ring of willpower (325 gold, have 0).
   145 | D:1      | Found Vufo's Weapon Shoppe.
   251 | D:1      | Reached XP level 3. HP: 21/21 MP: 3/3
   286 | D:1      | Reached skill level 5 in Ranged Weapons
   295 | D:1      | Found a faded altar of an unknown god.
   467 | D:1      | Found Witunygg's Weapon Shop.
   477 | D:1      | 477 ||| SHOPLISTING +1 antimagic shortbow (176 gold, have
                  | 15).
   570 | D:1      | 570 ||| UPGRADING to +0 ring mail.
   580 | D:1      | 580 ||| DROPPING +0 leather armour.
   581 | D:1      | 581 ||| UPGRADING to amulet of faith.
   586 | D:1      | 586 ||| DROPPING scroll of butterflies.
   672 | D:2      | Reached skill level 1 in Armour
   730 | D:2      | HP: 4/22 [gnoll/+0 whip (3)]
   732 | D:2      | Reached skill level 3 in Fighting
   732 | D:2      | Reached XP level 4. HP: 6/28 MP: 4/4
  1144 | D:2      | 1144 ||| DROPPING ring of flight.
  1145 | D:2      | 1145 ||| READING scroll labelled EGGECL BOUGER.
  1146 | D:2      | 1146 ||| READING scroll labelled DEH TIJILUTZ.
  1147 | D:2      | 1147 ||| DRINKING 2 yellow potions.
  1226 | D:3      | 1226 ||| Stepping ~*~*~tactically~*~*~ (outnumbered).
  1419 | D:3      | Reached XP level 5. HP: 32/32 MP: 5/5
  1450 | D:3      | Noticed a centaur
  1455 | D:3      | HP: 2/32 [centaur/arrow (13)]
  1456 | D:3      | 1456 ||| DRINKING 2 potions of heal wounds.
  1460 | D:3      | HP: 6/32 [centaur/arrow (7)]
  1461 | D:3      | 1461 ||| DRINKING potion of heal wounds.
  1463 | D:3      | Killed a centaur
  1464 | D:3      | Reached skill level 6 in Ranged Weapons
  1681 | D:3      | 1681 ||| READING scroll labelled QAEFFU AJAEZO.
  1682 | D:3      | 1682 ||| READING scroll labelled EKHEMA UMMIMI.
  1703 | D:3      | 1703 ||| READING scroll labelled QUOMMI TURGH.
  1704 | D:3      | 1704 ||| READING scroll labelled CODIEDA NUOL.
  1705 | D:3      | 1705 ||| READING scroll labelled AXEIMOILUDD.
  1722 | D:4      | Found Jassej's Book Shop.
  1743 | D:4      | Reached XP level 6. HP: 24/38 MP: 6/6
  1828 | D:4      | Reached skill level 7 in Ranged Weapons
  1862 | D:4      | Reached XP level 7. HP: 43/43 MP: 7/7
  1960 | D:4      | Found a bloodstained altar of Trog.
  2054 | D:4      | Reached skill level 8 in Ranged Weapons
  2238 | D:4      | Found a glowing golden altar of the Shining One.
  2249 | D:4      | Found a hide-covered altar of Uskayaw.
  2352 | D:4      | Found an ancient bone altar of Kikubaaqudgha.
  2352 | D:4      | Found a shimmering blue altar of Sif Muna.
  2354 | D:4      | Found a radiant altar of Vehumet.
  2363 | D:4      | 2363 ||| UPGRADING to +0 cloak of poison resistance.
  2416 | D:5      | Entered Level 5 of the Dungeon
  2443 | D:5      | 2443 ||| FLEEEEING.
  2444 | D:5      | 2444 ||| FLEEEEING.
  2445 | D:5      | 2445 ||| FLEEEEING.
  2446 | D:5      | 2446 ||| STAIRDANCE
  2490 | D:5      | 2490 ||| STAIRDANCE
  2552 | D:5      | 2552 ||| STAIRDANCE
  2650 | D:5      | Found an iron altar of Okawaru.
  2651 | D:5      | 2651 ||| PLANNING OKAWARU WORSHIP
  2651 | D:5      | 2651 ||| DRINKING 2 fuming yellow potions.
  2654 | D:5      | 2654 ||| DROPPING potion of ambrosia.
  2662 | D:5      | Became a worshipper of Warmaster Okawaru
  2662 | D:5      | 2662 ||| PLANNING D:1-11
  2717 | D:5      | Reached XP level 8. HP: 48/50 MP: 8/8
  2854 | D:5      | 2854 ||| Stepping ~*~*~tactically~*~*~ (outnumbered).
  2883 | D:5      | 2883 ||| FLEEEEING.
  2886 | D:5      | 2886 ||| FLEEEEING.
  2887 | D:5      | 2887 ||| FLEEEEING.
  2888 | D:5      | 2888 ||| FLEEEEING.
  2889 | D:5      | 2889 ||| FLEEEEING.
  2890 | D:5      | 2890 ||| FLEEEEING.
  3022 | D:5      | Found Zeoxtu's Assorted Antiques.
  3031 | D:5      | 3031 ||| BUYING puce potion (19 gold).
  3031 | D:5      | Bought a puce potion for 19 gold pieces
  3031 | D:5      | 3031 ||| BUYING ruby potion (19 gold).
  3031 | D:5      | Bought a ruby potion for 19 gold pieces
  3031 | D:5      | 3031 ||| BUYING scroll labelled FACUASSOGG (22 gold).
  3031 | D:5      | Bought a scroll labelled FACUASSOGG for 22 gold pieces
  3031 | D:5      | 3031 ||| BUYING scroll of identify (44 gold).
  3031 | D:5      | Bought a scroll of identify for 44 gold pieces
  3031 | D:5      | 3031 ||| BUYING scroll of identify (44 gold).
  3031 | D:5      | Bought a scroll of identify for 44 gold pieces
  3450 | D:5      | Reached * piety under Okawaru
  3644 | D:5      | 3644 ||| INVOKING Heroism.
  3699 | D:5      | Reached skill level 9 in Ranged Weapons
  3874 | D:5      | 3874 ||| UPGRADING to +0 helmet.
  3879 | D:5      | 3879 ||| READING 3 scrolls labelled FACUASSOGG.
  3884 | D:5      | 3884 ||| READING scroll labelled HAOFEP WIMUU.
  3885 | D:5      | 3885 ||| DRINKING 2 puce potions.
  3886 | D:5      | 3886 ||| DRINKING 3 ruby potions.
  3887 | D:5      | 3887 ||| READING 2 scrolls of identify.
  3887 | D:5      | 3887 ||| IDENTIFYING pink potion
  3888 | D:5      | 3888 ||| DROPPING 2 potions of enlightenment.
  3972 | D:6      | Noticed Blork the orc
  3975 | D:6      | 3975 ||| INVOKING Heroism.
  3986 | D:6      | Reached skill level 6 in Fighting
  3986 | D:6      | Reached skill level 1 in Invocations
  3989 | D:6      | 3989 ||| INVOKING Heroism.
  3991 | D:6      | Killed Blork the orc
  4060 | D:6      | 4060 ||| READING scroll of enchant weapon.
  4060 | D:6      | 4060 ||| ENCHANTING +1 shortbow of flaming.
  4223 | D:6      | 4223 ||| INVOKING Heroism.
  4405 | D:6      | Found a staircase to the Ecumenical Temple.
  4478 | D:6      | Found an opulent altar of Gozag.
  4553 | D:6      | 4553 ||| DROPPING +6 ring of intelligence.
  4554 | D:6      | 4554 ||| READING scroll labelled NON WEORYDOCY.
  4555 | D:6      | 4555 ||| READING scroll labelled OZIOREO MAUPT.
  4586 | D:7      | 4586 ||| Stepping ~*~*~tactically~*~*~ (outnumbered).
  4589 | D:7      | 4589 ||| Stepping ~*~*~tactically~*~*~ (outnumbered).
  4597 | D:7      | Found a shimmering altar of Xom.
  4612 | D:7      | Reached skill level 3 in Invocations
  4612 | D:7      | Reached XP level 9. HP: 55/55 MP: 9/11
  4690 | D:7      | Reached skill level 10 in Ranged Weapons
  4875 | D:7      | 4875 ||| READING 2 scrolls of enchant weapon.
  4875 | D:7      | 4875 ||| ENCHANTING +2 shortbow of flaming.
  4876 | D:7      | 4876 ||| READING scroll of enchant weapon.
  4876 | D:7      | 4876 ||| ENCHANTING +3 shortbow of flaming.
  4881 | D:7      | 4881 ||| INVOKING Heroism.
  4884 | D:7      | Reached skill level 3 in Armour
  4945 | D:7      | 4945 ||| INVOKING Heroism.
  5149 | D:7      | Reached ** piety under Okawaru
  5235 | D:7      | 5235 ||| DRINKING 2 viscous cyan potions.
  5235 | D:7      | Gained mutation: You are dopey. (Int -2) [potion of
                  | mutation]
  5236 | D:7      | 5236 ||| READING 4 scrolls of identify.
  5236 | D:7      | 5236 ||| IDENTIFYING golden potion
  5237 | D:7      | 5237 ||| READING 3 scrolls of identify.
  5237 | D:7      | 5237 ||| IDENTIFYING orange potion
  5238 | D:7      | 5238 ||| READING 2 scrolls of identify.
  5238 | D:7      | 5238 ||| IDENTIFYING fuming blue potion
  5239 | D:7      | 5239 ||| DROPPING potion of brilliance.
  5240 | D:7      | 5240 ||| DROPPING potion of invisibility.
  5291 | D:8      | Noticed Pikel
  5292 | D:8      | 5292 ||| INVOKING Heroism.
  5306 | D:8      | Killed Pikel
  5307 | D:8      | Reached skill level 11 in Ranged Weapons
  5323 | D:8      | 5323 ||| Stepping ~*~*~tactically~*~*~ (outnumbered).
  5331 | D:8      | Reached skill level 3 in Dodging
  5368 | D:8      | Reached XP level 10. HP: 64/64 MP: 13/13
  5392 | D:8      | Reached *** piety under Okawaru
  5828 | D:8      | 5828 ||| UPGRADING to +2 robe of fire resistance.
  5838 | D:8      | 5838 ||| DROPPING +0 ring mail.
  5839 | D:8      | 5839 ||| UPGRADING to +2 ring mail of fire resistance.
  5849 | D:8      | 5849 ||| DROPPING +2 robe of fire resistance.
  5850 | D:8      | 5850 ||| READING scroll labelled GIMAJE COUFU.
  5884 | D:9      | 5884 ||| INVOKING Heroism.
  5894 | D:9      | Noticed a two-headed ogre
  5898 | D:9      | HP: 14/64 [two-headed ogre/+0 giant club (5)]
  5899 | D:9      | 5899 ||| READING 5 scrolls of teleportation.
  5900 | D:9      | 5900 ||| DRINKING potion of heal wounds.
  5903 | D:9      | HP: 9/64 [two-headed ogre/+0 giant club (9)]
  6139 | D:9      | 6139 ||| INVOKING Heroism.
  6180 | D:9      | Reached skill level 12 in Ranged Weapons
  6433 | D:9      | Reached **** piety under Okawaru
  6454 | D:9      | 6454 ||| INVOKING Heroism.
  6456 | D:9      | 6456 ||| Stepping ~*~*~tactically~*~*~ (outnumbered).
  6458 | D:9      | 6458 ||| Stepping ~*~*~tactically~*~*~ (outnumbered).
  6654 | D:9      | Found a snail-covered altar of Cheibriados.
  6655 | D:9      | 6655 ||| READING 5 scrolls of identify.
  6655 | D:9      | 6655 ||| IDENTIFYING blue potion
  6656 | D:9      | 6656 ||| READING 4 scrolls of identify.
  6656 | D:9      | 6656 ||| IDENTIFYING metallic pink potion
  6657 | D:9      | 6657 ||| DROPPING potion of berserk rage.
  6658 | D:9      | 6658 ||| DROPPING potion of lignification.
  6750 | D:9      | 6750 ||| INVOKING Heroism.
  6762 | D:9      | Killed a two-headed ogre
  6763 | D:9      | Reached skill level 13 in Ranged Weapons
  6892 | D:10     | Entered Level 10 of the Dungeon
  6937 | D:10     | Killed an unseen horror
  7082 | D:10     | 7082 ||| DRINKING 2 potions of curing.
  7082 | D:10     | 7082 ||| (to cure confusion)
  7108 | D:10     | HP: 12/65 [something (7)]
  7109 | D:10     | HP: 5/65 [something (7)]
  7114 | D:10     | HP: 2/65 [something (4)]
  7119 | D:10     | Mangled by a vampire

Levels and vault maps discovered:
D:1:      dpeg_arrival_more_subterranean_lakeside_camping, layout_basic,
          serial_shops, nicolae_shop_trees, nicolae_shop_gaudy_bauble,
          nicolae_shop_bloodbath_and_beyond, shop,
          hellmonk_ecumenical_altar_arch_garden, kennysheep_pointless_box,
          minmay_tripent
D:2:      layout_basic
D:3:      layout_rooms
D:4:      layout_cave_pools, grunt_temple_overflow_magic_moments,
          nicolae_overflow_crystal_walls, gammafunk_temple_overflow_pools,
          serial_shops, nicolae_book_shop_shelving, serial_column_ruins,
          column_ruins_grid_2, column_ruins_open_tiny, column_ruins_grid_3,
          column_ruins_columns_straight
D:5:      layout_layer_cave, kennysheep_okawaru_gauntlet, serial_shops, shop
D:6:      layout_rooms, grunt_gozag_statues, temple_hall, minivault_5,
          mumra_transporter_accident, dk_vineyard_2, hellmonk_no_cap,
          uniq_blork_the_orc
D:7:      layout_loops_ring, overflow_temple_1_default, sigmund_army
D:8:      layout_gridville, uniq_pikel
D:9:      layout_rooms, cheibrodos_worm_habitat, kennysheep_doodads,
          amethyst_killhole
D:10:     layout_loops_cross, david_lair_generic, enter_bailey_3,
          minmay_misc_feat_cross, uniq_erolcha

Skill      XL: |  1  2  3  4  5  6  7  8  9 10 |
---------------+-------------------------------+-----
Ranged Weapons | 5 6 7 8 9 11 13 | 13.0
Armour         | 1 2 3 4 |  4.3
Fighting       | 3 4 5 6 8 |  8.4
Dodging        | 2 3 |  3.0
Invocations    | 3 4 |  4.5
Stealth        | |  1.1

Action                     |  1- 3 |  4- 6 |  7- 9 | 10-12 || total
---------------------------+-------+-------+-------+-------++-------
   Fire: Shortbow          |   103 |   110 |   322 |   243 ||   778
 Invoke: Heroism           |       |       |     7 |     4 ||    11
    Use: Scroll            |       |     7 |    11 |     4 ||    22
         Potion            |       |     3 |     4 |     2 ||     9
 Armour: Leather armour    |    11 |       |       |       ||    11
         Ring mail         |     8 |    30 |    87 |    62 ||   187
  Dodge: Dodged            |    27 |    34 |    78 |    33 ||   172

Table legend:
 A = Non-vault XP
 B = Vault XP
 C = Vault XP percentage of total XP
 D = Non-vault monster count
 E = Vault monster count
 F = Vault count percentage of total count
                 A         B        C        D         E       F
            +---------+---------+-------+---------+---------+-------
      Total |    7642 |     934 |  10.9 |     188 |      17 |   8.3
            +---------+---------+-------+---------+---------+-------
        D:1 |      42 |       4 |   8.7 |      24 |       2 |   7.7
        D:2 |      66 |       0 |   0.0 |      15 |       0 |   0.0
        D:3 |     187 |       0 |   0.0 |      19 |       0 |   0.0
        D:4 |     646 |       0 |   0.0 |      23 |       0 |   0.0
        D:5 |     728 |       4 |   0.5 |      17 |       2 |  10.5
        D:6 |     326 |     255 |  43.9 |      20 |       4 |  16.7
        D:7 |    1034 |      15 |   1.4 |      15 |       7 |  31.8
        D:8 |    1544 |     651 |  29.7 |      24 |       1 |   4.0
        D:9 |    2675 |       5 |   0.2 |      30 |       1 |   3.2
       D:10 |     394 |       0 |   0.0 |       1 |       0 |   0.0
            +---------+---------+-------+---------+---------+-------
